 Dungeon Crawl Stone Soup version 0.30-a0-1018-g25214051b3 (webtiles) character file.

Game seed: 16226245105872084213

33 BlueFish the Grasshopper (level 3, -8/24 HPs)
             Began as an Octopode Warper on Apr 7, 2023.
             Mangled by Grinder (9 damage)
             ... while paralysed by Grinder
             ... on level 3 of the Dungeon.
             The game lasted 00:03:07 (1719 turns).

BlueFish the Grasshopper (Octopode Warper)          Turns: 1719, Time: 00:03:08

Health: -8/24      AC:  1    Str: 12    XL:     3   Next: 29%
Magic:  6/6        EV:  2    Int: 15    God:
Gold:   71         SH:  0    Dex: 11    Spells: 2/6 levels left

rFire   . . .      SeeInvis .    c - +0 whip (venom)
rCold   . . .      Faith    .    (no shield)
rNeg    . . .      Spirit   .    (helmet restricted)
rPois   .          Reflect  .    (no amulet)
rElec   .          Rampage  .    d - +5 ring of evasion
rCorr   .                        (no ring)
Will    .....                    (no ring)
Stlth   +++                      (no ring)
HPRegen 0.24/turn                (no ring)
MPRegen 0.10/turn                (no ring)
                                 (no ring)
                                 (no ring)

@: paralysed
A: almost no armour, amphibious, 8 rings, camouflage 1, gelatinous body 1,
(nimble swimmer 1), tentacles
a: no special abilities


You were on level 3 of the Dungeon.
You visited 1 branch of the dungeon, and saw 3 of its levels.

You collected 71 gold pieces.

Inventory:

Hand Weapons
 c - a +0 whip of venom (weapon)
Missiles
 b - 7 boomerangs of dispersal
 e - 29 stones (quivered)
 h - 4 poisoned darts
 r - 6 javelins
Jewellery
 d - a +5 ring of evasion (left tentacle)
Scrolls
 a - 2 scrolls of blinking
 f - a scroll of noise {unknown}
 g - 3 scrolls of identify {unknown}
 j - a scroll of torment {unknown}
 k - 2 scrolls of teleportation {unknown}
 n - a scroll of enchant armour {unknown}
Potions
 i - 3 potions of mutation {unknown}
 l - a potion of brilliance {unknown}
 m - a potion of might {unknown}
 o - a potion of flight {unknown}
 p - 2 potions of invisibility {unknown}
 q - 2 potions of attraction {unknown}
 s - a potion of heal wounds {unknown}


   Skills:
 + Level 2.2 Fighting
 + Level 1.3 Throwing
 + Level 2.5 Dodging
 * Level 2.3 Stealth
 + Level 2.2 Unarmed Combat
 + Level 2.2 Spellcasting
 + Level 3.1 Translocations


You had 2 spell levels left.
You knew the following spells:

 Your Spells              Type           Power      Damage    Failure   Level
a - Blink                 Tloc           22%        N/A       9%          2
b - Lesser Beckoning      Tloc           22%        N/A       9%          2

Your spell library contained the following spells:

 Spells                   Type           Power      Damage    Failure   Level
 Slow                     Hex            4%         N/A       22%         1
 Teleport Other           Tloc           11%        N/A       19%         3
 Vhi's Electric Charge    Tloc/Air       12%        N/A       34%         3
 Manifold Assault         Tloc           11%        N/A       52%         4
 Confusing Touch          Hex            1%         N/A       54%         3
 Ozocubu's Armour         Ice            1%         N/A       54%         3
 Vampiric Draining        Necr           1%         2d6       54%         3
 Metabolic Englaciation   Hex/Ice        0%         N/A       99%         5
 Simulacrum               Ice/Necr       0%         N/A       100%        6


Dungeon Overview and Level Annotations

Branches:
Dungeon (3/15)

Altars:

Annotations:
D:3 Grinder


Innate Abilities, Weirdness & Mutations

You cannot wear most types of armour.
You are amphibious.
You can wear up to eight rings at the same time.
Your skin changes colour to match your surroundings (Stealth+).
Your rubbery body absorbs attacks. (AC +1, EV +1)
((You are camouflaged when in or above water. (Stealth+)))
You have tentacles for arms and can constrict up to eight enemies at once.


Message History

The orc is lightly wounded.
The orc completely misses you.
You closely miss the orc. You grab the orc.
The orc is heavily wounded.
You constrict the orc.
You kill the orc!
You closely miss the rat. Your grab misses the rat.
The rat completely misses you.
You hit the rat.
You kill the rat!
Things that are here:
a +0 flail; a rat corpse
There is an open door here.
Grinder shouts!
There is a dry fountain here.
Found a pair of boots.
Grinder hits you.
You writhe in agony.
You hit Grinder. Your grab misses Grinder.
Grinder is lightly wounded.
Grinder hits you.
You writhe in agony.
* * * LOW HITPOINT WARNING * * *
Okay, then.
You barely miss Grinder. You grab Grinder.
You squeeze Grinder, but do no damage.
Grinder is lightly wounded.
You constrict Grinder. Grinder barely misses you.
You hit Grinder but do no damage.
Grinder is lightly wounded.
You constrict Grinder. Grinder gestures at you.
You resist with significant effort.
You hit Grinder but do no damage.
Grinder is lightly wounded.
You constrict Grinder. Grinder gestures at you.
You suddenly lose the ability to move!
You lose your grip on Grinder.
Grinder hits you.
* * * LOW HITPOINT WARNING * * *
Grinder hits you!
You die...

.#..........)'.###
##..........##...###
#.....⌠.....#......###
#..........##........###
...........#............
'#........##..........##
.###......#.....⌠.....#
...###...##..........##
.....###.#......@....#
.......#####....5...##
.........# ###......#
........## ###...##
..⌠.....# ###.#
.......## '# ...†...# [#
......## ## ......#


You could see Grinder.

Vanquished Creatures
  An orc (D:3)
  2 ball pythons
  6 endoplasms
  4 giant cockroaches
  3 hobgoblins (D:1)
  3 quokkas (D:2)
  2 bats
  A frilled lizard (D:1)
  A kobold (D:1)
  5 rats
28 creatures vanquished.

Notes
Turn   | Place    | Note
-------+----------+-------------------------------------------
     0 | D:1      | BlueFish the Octopode Warper began the quest for the Orb.
     0 | D:1      | Reached XP level 1. HP: 14/14 MP: 3/3
   234 | D:1      | Reached skill level 1 in Stealth
   246 | D:1      | Reached XP level 2. HP: 15/19 MP: 5/5
   249 | D:1      | Learned a level 2 spell: Blink
   252 | D:1      | Learned a level 2 spell: Lesser Beckoning
  1081 | D:2      | Reached XP level 3. HP: 19/24 MP: 6/6
  1684 | D:3      | Noticed Grinder
  1717 | D:3      | Paralysed by Grinder for 4 turns
  1718 | D:3      | HP: 1/24 [Grinder (6)]
  1719 | D:3      | Mangled by Grinder

Illustrated notes

Levels and vault maps discovered:
D:1:      dpeg_arrival_boxes_within_box, layout_loops_ring
D:2:      layout_loops_corners, serial_glass, glass_columns_b, glass_columns_c
D:3:      minmay_skewed_foursquare, layout_basic, uniq_ijyb, uniq_grinder

Skill      XL: |  1  2 |
---------------+-------+-----
Stealth        | 1 2 |  2.3
Fighting       | |  2.2
Throwing       | |  1.3
Dodging        | |  2.5
Unarmed Combat | |  2.2
Spellcasting   | |  2.2
Translocations | |  3.1

Action                     || total
---------------------------++-------
  Melee: Whip              ||    62
         Constrict         ||    18
         Tentacles         ||    10
         Punch             ||     2
   Stab: Sleeping          ||     7
 Armour: Skin              ||     2
  Dodge: Dodged            ||    51

Table legend: (Time is in decaauts)
 A = Elapsed time spent in this place.
 B = Non-inter-level travel time spent in this place.
 C = Inter-level travel time spent in this place.
 D = Time resting spent in this place.
 E = Time spent auto-exploring this place.
 F = Levels seen in this place.
 G = Mean time per level.
                   A        B        C        D        E       F      G
               +--------+--------+--------+--------+--------+-----+--------+
         Total |   1723 |   1651 |     72 |      3 |   1347 |   3 |  574.3 |
       Dungeon |   1723 |   1651 |     72 |      3 |   1347 |   3 |  574.3 |
               +--------+--------+--------+--------+--------+-----+--------+

Top non-repeatable levels by time:
     D:2: 919 daAuts
     D:1: 636 daAuts
     D:3: 167 daAuts
